 Dungeon Crawl Stone Soup version 0.31-a0-1540-g5a0b83f448 (webtiles) character file.

Game seed: 8162012712379392780

1754 MisterAzrael the Covert (level 8, -7/37 HPs)
             Began as a Spriggan Brigand on Jan 2, 2024.
             Was an Initiate of Dithmenos.
             Killed by divine providence
             ... invoked by an orc priest
              (11 damage)
             ... on level 7 of the Dungeon.
             The game lasted 00:14:34 (5732 turns).

MisterAzrael the Covert (Spriggan Brigand)          Turns: 5732, Time: 00:14:35

Health: -7/37      AC:  7    Str:  7    XL:     8   Next: 78%
Magic:  9/9        EV: 22    Int: 12    God:    Dithmenos [......]
Gold:   248        SH:  0    Dex: 19    Spells: 7/7 levels left

rFire   . . .        t - +2 dagger (venom)
rCold   . . .        (no shield)
rNeg    . . .        b - +0 robe
rPois   .            (helmet restricted)
rElec   .            c - +0 cloak
rCorr   .            (gloves unavailable)
SInv    +            (boots unavailable)
Will    +....        (no amulet)
Stlth   +++++        m - +4 ring of protection
HPRegen 0.26/turn    (no ring)
MPRegen 0.11/turn

%: no passive effects
@: very quick
A: very small, no large weapons, unfitting armour, see invisible, speed 3
a: Renounce Religion


You were on level 7 of the Dungeon.
You worshipped Dithmenos.
Dithmenos was noncommittal.
You visited 2 branches of the dungeon, and saw 8 of its levels.

You collected 248 gold pieces.

Inventory:

Hand Weapons
 a - a +2 dagger
 t - a +2 dagger of venom (weapon)
Missiles
 d - 24 poisoned darts
 l - 4 boomerangs
 v - 3 datura-tipped darts
 z - 3 atropa-tipped darts
Armour
 b - a +0 robe (worn)
 c - a +0 cloak (worn)
Magical Staves
 h - a staff of air
Jewellery
 m - a +4 ring of protection (left hand)
Scrolls
 f - 2 scrolls of teleportation {unknown}
 i - a scroll of blinking {unknown}
 k - 7 scrolls of identify {unknown}
 p - a scroll of acquirement {unknown}
 q - 3 scrolls of amnesia {unknown}
 s - a scroll of immolation {unknown}
 w - a scroll of noise {unknown}
 x - a scroll of revelation {unknown}
 A - 3 scrolls of enchant armour {unknown}
Potions
 g - 2 potions of lignification
 j - 3 potions of might
 n - a potion of curing
 o - 2 potions of berserk rage {unknown}
 u - a potion of invisibility {unknown}


   Skills:
 - Level 1.5 Fighting
 + Level 7.0 Short Blades
 - Level 2.0 Throwing
 * Level 7.9 Dodging
 + Level 12.7 Stealth


You had 7 spell levels left.
You didn't know any spells.
Your spell library was empty.

Dungeon Overview and Level Annotations

Branches:
Dungeon (7/15)             Temple (1/1) D:6

Altars:
Dithmenos
Elyvilon
Fedhas
Kikubaaqudgha
Makhleb
Nemelex Xobeh
Okawaru
Qazlal
Ru
Trog
Xom
Yredelemnul
Zin

Shops:
D:2 !*


Innate Abilities, Weirdness & Mutations

You are very small and have problems with some larger weapons.
You are too small for most types of armour.
You have supernaturally acute eyesight. (SInv)
You cover ground extremely quickly. (Speed+++)


Message History

Beogh smites you!
Unknown command.
Throw: 4 darts (datura)
Press: ? - help, Q - select action, (/) - cycle Shift-Dir - straight line, f - orc priest
Aim: an orc priest, wielding a +0 hand axe (59% to hit, chance to frenzy on hit: 93%)
You throw a datura-tipped dart.
The datura-tipped dart barely misses the orc priest.
Throw: 2 darts (curare)
Press: ? - help, Q - select action, (/) - cycle Shift-Dir - straight line, f/p - orc priest
Aim: an orc priest, wielding a +0 hand axe (59% to hit)
You throw a curare-tipped dart.
The curare-tipped dart barely misses the orc priest.
The orc priest miscasts a cantrip.
You hit the orc priest.
The orc priest is poisoned.
The orc priest is moderately wounded.
You hit the orc priest.
The orc priest looks as sick as possible!
The orc priest is heavily wounded.
The orc priest hits you with a +0 hand axe.
You hit the orc priest.
The orc priest looks as sick as possible!
The orc priest is severely wounded.
The orc priest completely misses you.
The orc priest calls down the wrath of Beogh upon you.
Beogh smites you!
* * * LOW HITPOINT WARNING * * *
You kill the orc priest!
Dithmenos accepts your kill.
Your Short Blades skill increases to level 7!
Items here: )) [ ÷.
Things that are here:
a +0 dagger; a +0 robe; an orc skeleton Throw: dart (curare)
Press: ? - help, Q - select action, (/) - cycle Shift-Dir - straight line, f - orc priest
Aim: an orc priest, wielding a +0 dagger, wearing a +0 leather armour and carrying a wand of mindburst (59% to hit)
You throw a curare-tipped dart.
The curare-tipped dart barely misses the orc priest.
The orc priest calls down the wrath of Beogh upon you.
Beogh smites you!
You die...

#.##################.#####.##
#.#..†.............#.# ..
#.#.##############.#.# .
#.#.# #.....######.#o# #.#.#
#.###.#......#(#
#.#.###.###.#.######o#
#.#.........#.# #)#
#.#####.#####.######÷#
#.............@)...o(#
#..####.#####.######## #..#
#.#.# #....# #..# #.#.#
####.# #..####.#.######.#
#.......#........#
##.######.######## #........#
##########


You could see an orc priest.

Vanquished Creatures
  Sigmund (D:2)
  A water moccasin (D:7)
  An ice beast (D:6)
  2 bullfrogs
  2 scorpions (D:4)
  A howler monkey (D:6)
  A bombardier beetle (D:6)
  7 hounds
  5 jellies
  4 orc priests
  A gnoll bouda (D:6)
  Jessica (D:3)
  Natasha (twice) (D:2)
  Terence (D:3)
  5 orc wizards
  A sleepcap (D:6)
  Robin (D:3)
  11 gnolls
  8 adders
  A white imp (D:6)
  2 dart slugs
  A ribbon worm (D:3)
  15 orcs
  7 ball pythons
  7 endoplasms
  4 giant cockroaches
  16 goblins
  8 hobgoblins
  3 jackals (D:1)
  3 quokkas
  9 bats
  7 frilled lizards
  3 kobolds (D:1)
  5 rats
147 creatures vanquished.

Notes
Turn   | Place    | Note
-------+----------+-------------------------------------------
     0 | D:1      | MisterAzrael the Spriggan Brigand began the quest for the
                  | Orb.
     0 | D:1      | Reached XP level 1. HP: 10/10 MP: 2/2
    69 | D:1      | Reached skill level 6 in Stealth
   221 | D:1      | Reached XP level 2. HP: 5/14 MP: 3/3
   579 | D:1      | Reached skill level 7 in Stealth
   631 | D:1      | Reached XP level 3. HP: 18/18 MP: 4/4
  1007 | D:2      | Found a faded altar of an unknown god.
  1116 | D:2      | Found Ohir's General Store.
  1117 | D:2      | Noticed Sigmund
  1133 | D:2      | Killed Sigmund
  1134 | D:2      | Reached skill level 9 in Stealth
  1134 | D:2      | Reached XP level 4. HP: 3/22 MP: 5/5
  1134 | D:2      | Reached XP level 5. HP: 4/25 MP: 6/6
  1342 | D:2      | Noticed Natasha
  1353 | D:2      | Killed Natasha
  1682 | D:2      | Found Jakk's Distillery.
  1801 | D:2      | Noticed Natasha
  1806 | D:2      | Killed Natasha
  1807 | D:2      | Reached XP level 6. HP: 30/30 MP: 7/7
  2311 | D:3      | Noticed Terence
  2371 | D:3      | Killed Terence
  2372 | D:3      | Reached skill level 10 in Stealth
  2627 | D:3      | Noticed Robin
  2691 | D:3      | Killed Robin
  2959 | D:3      | Noticed Jessica
  2967 | D:3      | Killed Jessica
  2983 | D:3      | Found a white marble altar of Elyvilon.
  3345 | D:4      | Reached skill level 5 in Short Blades
  3373 | D:4      | Reached skill level 11 in Stealth
  3373 | D:4      | Reached XP level 7. HP: 33/33 MP: 8/8
  3503 | D:4      | Found a glowing silver altar of Zin.
  3634 | D:4      | Found an iron altar of Okawaru.
  3995 | D:5      | Entered Level 5 of the Dungeon
  4410 | D:6      | Found a staircase to the Ecumenical Temple.
  4418 | Temple   | Entered the Ecumenical Temple
  4498 | D:6      | Reached skill level 5 in Dodging
  4532 | D:6      | Reached XP level 8. HP: 32/37 MP: 9/9
  4562 | D:6      | Found a shadowy altar of Dithmenos.
  4584 | D:6      | Became a worshipper of Dithmenos the Shadowed
  4697 | D:6      | Reached skill level 12 in Stealth
  4797 | D:6      | Found an ancient bone altar of Kikubaaqudgha.
  5058 | D:6      | Found a shimmering altar of Xom.
  5732 | D:7      | Killed from afar by an orc priest

Illustrated notes

Levels and vault maps discovered:
D:1:      amcnicky_arrival_choice, layout_loops_corners
D:2:      layout_basic, serial_shops, nicolae_shop_just_a_little_nook, shop,
          ebering_ecumenical_altar_abandoned, serial_glass, glass_columns_a,
          glass_columns_a, nrook_loot_triangle, uniq_sigmund, uniq_natasha
D:3:      wad_river_or_something, layout_basic, lemuel_round_altar, uniq_robin,
          uniq_jessica, uniq_terence
D:4:      layout_basic, kennysheep_little_box, okawaru_gym_becter
D:5:      layout_basic, hangedman_abyss_or_decor_slice, serial_bayou_pond_b
D:6:      layout_rooms, mainiacjoe_overflow_brackets,
          mainiacjoe_overflow_alcove_2,
          nicolae_dithmenos_through_a_glass_darkly,
          minmay_temple_entry_large_hall, hangedman_decor_points
D:7:      layout_basic, gammafunk_temple_overflow_elements,
          chequers_serial_rivers_micro_a
Temple:   nicolae_temple_bog_church

Skill      XL: |  1  2  3  4  5  6  7  8 |
---------------+-------------------------+-----
Stealth        | 6 7 9 11 12 | 12.7
Short Blades   | 4 5 6 7 |  7.0
Dodging        | 5 7 |  7.9
Fighting       | |  1.5
Throwing       | |  2.0

Action                     |  1- 3 |  4- 6 |  7- 9 || total
---------------------------+-------+-------+-------++-------
  Melee: Dagger            |    80 |   151 |   231 ||   462
         Punch             |     2 |     3 |     3 ||     8
  Throw: Boomerang         |     2 |     1 |     5 ||     8
         Dart              |     1 |       |    16 ||    17
  Evoke: Wand              |       |       |    13 ||    13
    Use: Potion            |       |       |     4 ||     4
   Stab: Sleeping          |    12 |    20 |     7 ||    39
         Distracted        |       |     2 |     2 ||     4
 Armour: Robe              |    12 |    53 |    53 ||   118
         Skin              |       |       |    27 ||    27
  Dodge: Dodged            |    44 |    86 |   160 ||   290

Table legend: (Time is in decaauts)
 A = Elapsed time spent in this place.
 B = Non-inter-level travel time spent in this place.
 C = Inter-level travel time spent in this place.
 D = Time resting spent in this place.
 E = Time spent auto-exploring this place.
 F = Levels seen in this place.
 G = Mean time per level.
                   A        B        C        D        E       F      G
               +--------+--------+--------+--------+--------+-----+--------+
         Total |   3964 |   3862 |    102 |    787 |   1726 |   8 |  495.5 |
       Dungeon |   3939 |   3837 |    102 |    787 |   1726 |   7 |  562.7 |
        Temple |     25 |     25 |      0 |      0 |      0 |   1 |   25.0 |
               +--------+--------+--------+--------+--------+-----+--------+

Top non-repeatable levels by time:
     D:3: 722 daAuts
     D:4: 674 daAuts
     D:1: 659 daAuts
     D:2: 644 daAuts
     D:6: 625 daAuts
     D:7: 446 daAuts
     D:5: 167 daAuts
  Temple: 25 daAuts
